 Dungeon Crawl Stone Soup version 0.15-a0-244-g7dd1917 (webtiles) character file.

635 PolkaDot the Jinx (level 7, -2/46 HPs)
             Began as a Vampire Enchanter on Apr 26, 2014.
             Slain by an orc
             ... wielding a +0,+0 mace
              (10 damage)
             ... on Level 4 of the Dungeon.
             The game lasted 00:16:56 (4581 turns).

PolkaDot the Jinx (Vampire Enchanter)               Turns: 4581, Time: 00:16:56

HP  -2/46        AC  6     Str  7      XL: 7   Next:  1%
MP   0/12        EV 13     Int 17      God:
Gold 117         SH  0     Dex 16      Spells:  4 memorised,  1 level left

rFire  . . .     SeeInvis +     a - +2,+1 dagger
rCold  + + .     Clarity  .     b - +1 robe
rNeg   + + +     Conserve .     (no shield)
rPois  +         rCorr    .     (no helmet)
rElec  .         rRot     +     g - +0 cloak
SustAb . .       Spirit   .     (no gloves)
rMut   .         Warding  .     (no boots)
Saprov . . .     Stasis   .     (no amulet)
MR     .....                    (no ring)
                                (no ring)

@: non-regenerating, not resistant to hostile enchantments, very stealthy
A: bottle blood, fangs 3, thin metallic scales 1, see invisible, unbreathing
a: Bat Form, Bottle Blood


You were on level 4 of the Dungeon.
You were bloodless.

You visited 1 branch of the dungeon, and saw 4 of its levels.

You collected 117 gold pieces.

Inventory:

Hand weapons
 a - a +2,+1 dagger (weapon)
Missiles
 d - 12 darts (quivered)
Armour
 b - a +1 robe (worn)
 g - a +0 cloak (worn)
Scrolls
 j - a scroll of recharging
Potions
 e - a potion of curing
 l - 2 potions of restore abilities
 p - a potion of flight
 q - a potion of agility {unknown}
 s - 2 potions of poison {unknown}
Books
 c - a book of Maledictions

   Spells                             Type                      Level
   *Corona                            Hexes                        1
   *Sure Blade                        Hexes/Charms                 2
   *Ensorcelled Hibernation           Hexes/Ice                    2
   Confuse                            Hexes                        3
   Dazzling Spray                     Conjuration/Hexes            3
   *Enslavement                       Hexes                        4


   Skills:
 + Level 4.0 Short Blades
 - Level 0.7 Throwing
 - Level 2.1 Dodging
 + Level 6.4 Stealth
 - Level 2.0 Spellcasting
 * Level 8.7 Hexes


You had one spell level left.
You knew the following spells:

 Your Spells              Type           Power        Failure   Level  Hunger
a - Corona                Hex            ####...      1%          1    #......
b - Sure Blade            Hex/Chrm       ###.......   6%          2    ###....
d - Ensorcelled Hibernat  Hex/Ice        ###...       6%          2    ###....
e - Enslavement           Hex            ####....     8%          4    #####..


Dungeon Overview and Level Annotations

Branches:
Dungeon (4/15)
 Temple: D:4-7

Altars:

Shops:
D:4 (


Innate Abilities, Weirdness & Mutations

You do not heal naturally.
You can bottle blood from corpses.
You have razor-sharp teeth.*
You have supernaturally acute eyesight.
You can survive without breathing.*
You are partially covered in thin metallic scales (AC +2).*


Message History

The orc hits you but does no damage. The orc wizard barely misses you.
Casting: Ensorcelled Hibernation
Confirm with . or Enter, or press ? or * to list all spells.
Aiming: Ensorcelled Hibernation
Press: ? - help, Shift-Dir - straight line, f - orc wizard
Aim: an orc wizard, wielding a dagger and wearing a robe (moderately wounded)
The orc wizard resists.
* * * LOW MAGIC WARNING * * *
The orc hits you with a mace.
The orc wizard mumbles some strange words.
The orc wizard flickers and vanishes for a moment.
You hit the orc wizard but do no damage.
You bite the orc wizard.
You draw the orc wizard's blood!
You feel better.
You feel slightly less thirsty.
The orc wizard is heavily wounded.
The orc wizard gestures at you while chanting.
The puff of flame hits you!
* * * LOW HITPOINT WARNING * * *
The orc hits you with a mace!
You die...

#.# #............... #.#
#...[)......... #.#
#.............. #.#
#....).........
#.#########.............
#................#######
#................#
#.............oo.#
#..............@.#
#................#
#.......######...#
#.......#....#...#
#.......#....#...#
#.......#.<..#...#
#.......#....#...#####
#.......#....'.........
#.......#....#.........


You could see an orc wizard (invisible) and an orc.

Vanquished Creatures
  A giant frog (D:3)
  The ghost of TZer0 the Scratcher, a weakling FeTm (D:3)
  5 orc priests
  4 orc wizards
  Ijyb (D:2)
  5 gnolls
  6 adders
  An ooze (D:1)
  11 orcs
  A ball python (D:1)
  2 giant cockroaches
  6 hobgoblins
  3 jackals (D:3)
  10 kobolds
  A quokka (D:2)
  10 bats
  2 giant newts
  5 goblins
  8 rats
83 creatures vanquished.

Vanquished Creatures (collateral kills)
  2 gnolls (D:3)
  An orc (D:3)
  A goblin (D:3)
4 creatures vanquished.

Grand Total: 87 creatures vanquished

Notes
Turn   | Place    | Note
--------------------------------------------------------------
     0 | D:1      | PolkaDot, the Vampire Enchanter, began the quest for the Orb.
     0 | D:1      | Reached XP level 1. HP: 13/13 MP: 3/3
   275 | D:1      | Reached XP level 2. HP: 10/19 MP: 2/4
   624 | D:1      | Reached skill level 5 in Hexes
  1060 | D:2      | Noticed Ijyb
  1074 | D:1      | Learned a level 2 spell: Ensorcelled Hibernation
  1090 | D:2      | Killed Ijyb
  1090 | D:2      | Reached XP level 3. HP: 22/24 MP: 1/6
  1270 | D:2      | Reached XP level 4. HP: 23/30 MP: 0/7
  1588 | D:2      | Reached skill level 6 in Hexes
  1869 | D:2      | Learned a level 4 spell: Enslavement
  1997 | D:2      | Reached XP level 5. HP: 35/35 MP: 3/9
  2289 | D:2      | Reached skill level 7 in Hexes
  2570 | D:3      | Noticed TZer0's ghost (weakling FeTm)
  2654 | D:3      | TZer0's ghost (ally) was killed
  2654 | D:3      | Your ally TZer0 died
  2677 | D:3      | Reached skill level 5 in Stealth
  3182 | D:3      | Reached XP level 6. HP: 41/41 MP: 3/10
  3519 | D:3      | Reached skill level 8 in Hexes
  3523 | D:3      | Learned a level 2 spell: Sure Blade
  4305 | D:4      | Gained mutation: You are partially covered in thin metallic scales (AC +2). [potion of beneficial mutation]
  4350 | D:4      | Found Shrask Ralu's Antique Weapon Shop.
  4568 | D:4      | Reached XP level 7. HP: 25/46 MP: 0/12
  4581 | D:4      | Slain by an orc

Action                   |  1- 3 |  4- 6 |  7- 9 || total
-------------------------+-------+-------+-------++-------
Melee: Dagger            |    73 |    99 |     8 ||   180
 Cast: Corona            |     6 |     1 |       ||     7
       Ensorcelled Hiber |     8 |    58 |     1 ||    67
       Enslavement       |       |     5 |       ||     5
  Use: Potion            |     2 |     1 |       ||     3
       Scroll            |       |    14 |       ||    14
 Stab: Sleeping          |     5 |    46 |       ||    51
